 Dungeon Crawl Stone Soup version 0.18.1-48-g4cf74bf (webtiles) character file.

583 CountDeLaPain the Covered (level 7, -4/60 HPs)
             Began as a Minotaur Fighter on Aug 14, 2016.
             Slain by an orc warrior
             ... wielding a +0 war axe
              (7 damage)
             ... on level 4 of the Dungeon.
             The game lasted 00:13:24 (3438 turns).

CountDeLaPain the Covered (Minotaur Fighter)        Turns: 3438, Time: 00:13:28

Health: -4/60      AC:  8    Str: 26    XL:     7   Next: 14%
Magic:  6/6        EV:  9    Int:  7    God:
Gold:   180        SH: 10    Dex:  9    Spells: 0 memorised, 6 levels left

rFire  . . .     SeeInvis .     a - +1 war axe
rCold  . . .     Gourm    .     b - +0 scale mail
rNeg   + . .     Faith    .     c - +0 shield
rPois  .         Spirit   .     (helmet restricted)
rElec  .         Dismiss  .     (no cloak)
rCorr  .         Reflect  .     p - +0 pair of gloves
SustAt +         Harm     .     (no boots)
MR     .....                    (no amulet)
Stlth  ..........               r - ring of sustain attributes
                                o - ring of positive energy

@: mighty, not resistant to hostile enchantments, extremely unstealthy
A: retaliatory headbutt, horns 2
a: no special abilities


You were on level 4 of the Dungeon.
You were not hungry.

You visited 1 branch of the dungeon, and saw 5 of its levels.

You collected 180 gold pieces.

Inventory:

Hand Weapons
 a - a +1 war axe (weapon)
Armour
 b - a +0 scale mail (worn)
 c - a +0 shield (worn)
 p - a +0 pair of gloves (worn)
 v - a cursed +0 ring mail
Jewellery
 o - a ring of positive energy (left hand)
 r - a ring of sustain attributes (right hand)
Wands
 y - a wand of polymorph (6/24)
Scrolls
 i - 2 scrolls of identify
 j - a scroll of teleportation
 l - a scroll of magic mapping {unknown}
 m - 2 scrolls of remove curse
 n - 2 scrolls of recharging {unknown}
 u - 2 scrolls of enchant armour {unknown}
 z - a scroll of enchant weapon
Potions
 e - 3 potions of curing
 k - 2 potions of degeneration
 q - 3 potions of heal wounds {unknown}
 s - a potion of flight {unknown}
 t - a potion of invisibility {unknown}
 A - a potion of lignification {unknown}
 C - a potion of agility {unknown}
Books
 w - a book of Annihilations

   Spells                             Type                      Level
   a - Poison Arrow                   Conjuration/Poison           6
   b - Chain Lightning                Conjuration/Air              8
   c - Lehudib's Crystal Spear        Conjuration/Earth            8
   d - Glaciate                       Conjuration/Ice              9
   e - Fire Storm                     Conjuration/Fire             9
Comestibles
 f - 6 bread rations
 g - a slice of pizza
 h - a beef jerky
 x - a meat ration
 B - 4 chunks of flesh


   Skills:
 + Level 4.9 Fighting
 + Level 4.4 Axes
 + Level 6.2 Armour
 + Level 2.9 Dodging
 + Level 5.7 Shields


You had 6 spell levels left.
You didn't know any spells.

Dungeon Overview and Level Annotations

Branches:
Dungeon (5/15)
 Temple: D:4-7

Altars:
Ashenzari
Elyvilon
Nemelex Xobeh
Ru

Annotations:
D:5 Eustachio


Innate Abilities, Weirdness & Mutations

You reflexively headbutt those who attack you in melee.
You have a pair of horns on your head.


Message History

The orc warrior hits you with a war axe!
* * * LOW HITPOINT WARNING * * *
You block the orc's attack. Something hits you.
* * * LOW HITPOINT WARNING * * *
You block the gnoll's attack.
You closely miss the orc warrior.
The orc warrior is almost dead.
Your shield prevents you from hitting the orc.
You miss something.
The orc warrior hits you with a war axe!
* * * LOW HITPOINT WARNING * * *
The gnoll hits you but does no damage.
You barely miss the orc warrior. You headbutt the orc warrior.
The orc warrior is almost dead.
You closely miss the orc. You hit something.
Something hits you but does no damage. The orc closely misses you.
You furiously retaliate!
You headbutt the orc!
You kill the orc!
The orc warrior hits you with a war axe!
You die...

#.....#.......................
####..>..######...##...###.####'#
....###'##...##...##'#####.##....
....#....'...#....#.....#...#....
....#....#...#....#.....#...'....
....##+###'####..###..####.##....
####....##...##..###..####.####+#
#....#.........#....#.........
#....#......{@o+....#.........
####....########)###..####.#####+
....##.......##og###..####.###...
..#..#.......#.ooo'...>.#....#...
..+..+.......'..o.#.....'....#...
..##+#....o..#############...#...
### #.....###...## #...#... #
+.....#......# #...#... #
#.....#......# #...##..


You could see an orc warrior, a gnoll and 5 orcs.

Vanquished Creatures
  A phantom (D:5)
  An ogre (D:4)
  A howler monkey (D:4)
  3 hounds
  Jessica (D:3)
  2 worker ants (D:4)
  2 orc wizards (D:4)
  A hound skeleton (D:4)
  2 gnolls (D:4)
  6 adders
  An ooze (D:2)
  An adder zombie (D:5)
  A dart slug (D:1)
  A giant gecko (D:1)
  7 orcs
  4 giant cockroaches
  3 hobgoblins
  4 jackals
  A quokka (D:4)
  A ball python (D:2)
  7 bats
  6 giant newts
  5 goblins
  8 kobolds
  8 rats
78 creatures vanquished.

Notes
Turn   | Place    | Note
--------------------------------------------------------------
     0 | D:1      | CountDeLaPain the Minotaur Fighter began the quest for the Orb.
     0 | D:1      | Reached XP level 1. HP: 19/19 MP: 0/0
     1 | D:1      | Found a sparkling altar of Nemelex Xobeh.
   142 | D:1      | Reached XP level 2. HP: 25/27 MP: 1/1
   181 | D:1      | Reached skill level 4 in Armour
   748 | D:2      | Reached XP level 3. HP: 22/33 MP: 2/2
   973 | D:2      | Found a sacrificial altar of Ru.
   974 | D:2      | Found a shattered altar of Ashenzari.
  1297 | D:2      | Reached skill level 1 in Dodging
  1301 | D:2      | Reached XP level 4. HP: 40/40 MP: 3/3
  1783 | D:3      | Noticed Jessica
  1793 | D:3      | Killed Jessica
  2022 | D:3      | Reached XP level 5. HP: 46/47 MP: 4/4
  2144 | D:3      | Found a white marble altar of Elyvilon.
  2346 | D:4      | Reached skill level 5 in Armour
  2370 | D:4      | Reached skill level 5 in Shields
  2376 | D:4      | Reached XP level 6. HP: 43/53 MP: 5/5
  2731 | D:4      | Noticed an orc warrior
  2968 | D:5      | Entered Level 5 of the Dungeon
  3174 | D:5      | Reached skill level 6 in Armour
  3174 | D:5      | Reached XP level 7. HP: 44/60 MP: 6/6
  3363 | D:5      | Noticed Eustachio
  3437 | D:4      | HP: 3/60 [orc warrior/war axe (11)]
  3438 | D:4      | Slain by an orc warrior

Skill      XL: |  1  2  3  4  5  6 |
---------------+-------------------+-----
Armour         | 4 5 6 |  6.2
Shields        | 4 5 |  5.7
Fighting       | 4 |  4.9
Dodging        | 1 2 |  2.9
Axes           | 3 4 |  4.4

Action                   |  1- 3 |  4- 6 |  7- 9 || total
-------------------------+-------+-------+-------++-------
Melee: War axe           |   105 |   114 |    15 ||   234
       Headbutt          |     7 |    15 |     7 ||    29
  Use: Scroll            |     1 |     3 |       ||     4
       Potion            |       |     1 |     1 ||     2
  Eat: Chunk             |     1 |     6 |     1 ||     8
Armor: Scale mail        |    72 |    62 |    11 ||   145
Dodge: Dodged            |    38 |    58 |    13 ||   109
Block: Shield            |    66 |    83 |    18 ||   167
